 Dungeon Crawl Stone Soup version 0.12.2-8-g1913ee5 (webtiles) character file.

216465 Indrah the Thaumaturge (level 19, -6/188 HPs)
             Began as a Demonspawn Earth Elementalist on June 16, 2013.
             Was the Champion of Vehumet.
             Mangled by an emperor scorpion (25 damage)
             ... on Level 5 of the Spider Nest on June 22, 2013.
             The game lasted 10:08:53 (64961 turns).

Indrah the Thaumaturge (DsEE)                      Turns: 64961, Time: 10:08:53

HP  -6/188       AC 34     Str 14      XL: 19   Next: 15%
MP   6/38        EV  8     Int 23      God: Vehumet [******]
Gold 3095        SH  0     Dex 18      Spells: 12 memorised,  5 levels left

Res.Fire  : + . .   See Invis. : .   z - +4,+6 lajatang (freeze)
Res.Cold  : + . .   Warding    : .   M - melded +8 ring mail "Miuburr" {Dex+4 Int+3}
Life Prot.: + . .   Conserve   : .   (no shield)
Res.Poison: +       Res.Corr.  : .   (helmet unavailable)
Res.Elec. : +       Clarity    : .   u - +1 cloak of Mableit {rF++ Str+4 Acc+4}
Sust.Abil.: . .     Spirit.Shd : .   E - melded +1 pair of orc gauntlets {rF+}
Res.Mut.  : .       Stasis     : .   G - melded +2 pair of boots {run}
Res.Rott. : +       Ctrl.Telep.: .   (no amulet)
Saprovore : . . .   Flight     : .   D - ring of ice
                                     A - +0,+9 ring of slaying

@: statue-form, stone skin, about to teleport, mildly poisoned, very slow,
somewhat resistant to hostile enchantments, extremely stealthy
A: horns 3, nightstalker 1, powered by pain 3, +10% hp, Str -2, Dex +6
a: End Transformation, Renounce Religion


You were on level 5 of the Spider Nest.
You worshipped Vehumet.
Vehumet was exalted by your worship.
You were not hungry.
You were a stone statue.
You visited 7 branches of the dungeon, and saw 41 of its levels.
You also visited: Volcano.

You collected 3968 gold pieces.
You spent 893 gold pieces at shops.

Inventory:

Hand weapons
 z - a +4,+6 lajatang of freezing (weapon)
 I - a +3 orcish blowgun
Missiles
 f - 34 poisoned needles
 l - a throwing net
 s - 3 javelins of penetration (quivered)
Armour
 u - the +1 cloak of Mableit (worn) {rF++ Str+4 Acc+4}
   (You bought it in a shop on level 4 of the Orcish Mines)

   It affects your strength (+4).
   It affects your accuracy (+4).
   It greatly protects you from fire.
 C - a +1 pair of boots of stealth
 E - a +1 pair of orcish gauntlets of fire resistance (melded)
 G - a +2 pair of boots of running (melded)
 K - the -2 ring mail of Reason {Str+3 Acc+3}
   (You found it on level 4 of the Spider Nest)

   It affects your strength (+3).
   It affects your accuracy (+3).
 M - the +8 ring mail "Miuburr" (melded) {Dex+4 Int+3}
   (You found it on level 5 of the Dungeon)

   It affects your intelligence (+3).
   It affects your dexterity (+4).
Magical devices
 d - a wand of teleportation (4)
 h - a wand of heal wounds (5)
 j - a wand of fireball (5)
 k - a wand of paralysis (8)
 v - a wand of enslavement (8)
 J - a wand of digging (4)
 Q - a wand of confusion (6)
 R - a wand of disintegration (5)
Comestibles
 V - 2 meat rations
Scrolls
 e - a scroll of fog
 g - 3 scrolls of magic mapping
 m - 3 scrolls of immolation
 n - 4 scrolls of remove curse
 o - 4 scrolls of teleportation
 y - a scroll of silence
 P - 2 scrolls of fear
Jewellery
 b - an uncursed ring of fire
 t - an uncursed ring of teleport control
 A - a +0,+9 ring of slaying (left hand)
 B - an uncursed ring of flight
 D - a ring of ice (right hand)
Potions
 a - 4 potions of curing
 c - 3 potions of resistance
 i - a potion of invisibility
 x - a potion of poison {unknown}
 F - 2 potions of agility
 H - a potion of slowing {unknown}
 N - a potion of brilliance
 S - 2 potions of speed
 X - a potion of might
Books
 q - a book of Summonings

   Spells                             Type                      Level
   Abjuration                         Summoning                    3
   Recall                             Summoning/Translocation      3
   Summon Elemental                   Summoning                    4
   Shadow Creatures                   Summoning                    5
   Summon Demon                       Summoning                    5
   Summon Ugly Thing                  Summoning                    6
Magical staves
 p - an uncursed staff of power


   Skills:
 + Level 8.6 Fighting
   Level 0.3 Short Blades
 + Level 12.0 Staves
   Level 2.3 Slings
 - Level 1.2 Throwing
 - Level 5.5 Armour
 + Level 7.8 Dodging
 - Level 9.5 Stealth
 - Level 4.2 Stabbing
 - Level 3.4 Traps
 - Level 3.8 Unarmed Combat
 * Level 13.5 Spellcasting
 + Level 12.6 Conjurations
 - Level 6.4 Hexes
 - Level 6.3 Charms
 - Level 6.2 Necromancy
 * Level 8.1 Transmutations
 + Level 8.2 Ice Magic
 * Level 12.8 Earth Magic
 - Level 9.5 Evocations


You had 5 spell levels left.
You knew the following spells:

 Your Spells              Type           Power        Failure   Level  Hunger
a - Iron Shot             Conj/Erth      #######...   1%          6    #####..
b - Dazzling Spray        Conj/Hex       #######..    1%          3    None
c - Stoneskin             Trmt/Erth      #######...   1%          2    None
d - Swiftness             Chrm/Air       #####.....   1%          2    None
e - Conjure Flame         Conj/Fire      ####.....    1%          3    None
f - Lee's Rapid Deconstr  Erth           #######...   1%          5    ##.....
g - Animate Skeleton      Necr           N/A          1%          1    None
h - Repel Missiles        Chrm/Air       #####.....   1%          2    None
i - Control Undead        Necr           ######....   3%          4    None
j - Statue Form           Trmt/Erth      #######...   12%         6    #####..
x - Freezing Aura         Chrm/Ice       #######...   1%          2    None
z - Throw Icicle          Conj/Ice       ########.    1%          4    None


Dungeon Overview and Level Annotations

Branches:
Dungeon (16/27)            Temple (1/1) D:5             Orc (4/4) D:6
    Elf (0/3) Orc:3          Lair (8/8) D:11         Shoals (3/5) Lair:6
 Spider (5/5) Lair:5        Slime (0/6) Lair:6       Vaults (4/5) D:15
  Blade (0/1) Vaults:3      Crypt (0/5) Vaults:3

Altars:
Ashenzari
Cheibriados
Elyvilon
Fedhas
Kikubaaqudgha
Makhleb
Nemelex Xobeh
Okawaru
Sif Muna
Trog
Vehumet
Xom
Yredelemnul
Zin
the Shining One
Beogh

Shops:
D:13: [ Orc:4: [([/

Portals:
Trove: D:16 (give 2 scrolls of acquirement)

Annotations
Vaults:4 Frederick


Innate Abilities, Weirdness & Mutations

You have a pair of large horns on your head.*
You have an unnaturally thin skeletal structure (Dex +6, Str -2, Stlth).
You are slightly more attuned to the shadows.
You are powered by pain.
You are robust (+10% HP).


Message History

* * * LOW HITPOINT WARNING * * *
The emperor scorpion stings you but does no damage.
The emperor scorpion claws you but does no damage.
The emperor scorpion barely misses you.
The emperor scorpion claws you but does no damage.
The emperor scorpion barely misses you. The emperor scorpion stings you.
* * * LOW HITPOINT WARNING * * *
The emperor scorpion claws you but does no damage.
The emperor scorpion claws you!
* * * LOW HITPOINT WARNING * * *
You feel you are being watched by something.
Evoke which item? (* to show all) (? for menu, Esc to quit)
Zapping:
h - a wand of heal wounds (6)
Press: ? - help, Shift-Dir - straight line, f - you You feel much better.
This wand has 5 charges left.
* * * LOW HITPOINT WARNING * * *
You feel sick.
You feel a little better. The emperor scorpion stings you!
You die...

##≈..≈####
#....≈#
##...≈#
##.≈.≈##
≈...# ###...#
##..≈ #+##
##%.# . #^..
#...# #.%.
#...###
#...#####.%.#
#.^.ys^##(.≈#
{#ss8.^.%%#
#.{.##.....##
#.{. ####^.#
#...{ #.##
#### ..# ..#
..# ≈##


You could see 3 emperor scorpions and a red wasp.

Vanquished Creatures
  Saint Roka (Orc:4)
  Nikola (Spider:1)
  A sphinx (Vaults:3)
  Agnes (Shoals:2)
  Roxanne (Vaults:1)
  Aizul (Shoals:2)
  4 vault wardens
  A frost giant (D:16)
  Gastronok (D:9)
  3 stone giants
  Jorgrun (Shoals:3)
  3 dire elephants (Lair:8)
  A great orb of eyes (Vaults:1)
  2 yaktaur captains
  A siren (Shoals:1)
  A dragon (Vaults:1)
  3 vault guards (Vaults:3)
  A storm dragon skeleton (Vaults:1)
  10 hydras
  Josephine (Spider:1)
  4 dancing weapons
  2 death yaks (Shoals:2)
  3 ogre magi
  An anaconda skeleton (Spider:1)
  A rakshasa (Vaults:2)
  2 wolf spider zombies
  An anaconda (Lair:8)
  A merfolk impaler (Shoals:3)
  A fire giant zombie (Vaults:2)
  An anaconda (shapeshifter) (D:16)
  A stone giant zombie (Vaults:4)
  An orc high priest (Orc:4)
  20 centaur warriors
  A sphinx skeleton (Vaults:3)
  The ghost of abc the Eclecticist, a powerful DEWz of Vehumet (D:11)
  2 frost giant skeletons
  A stone giant skeleton (Vaults:4)
  Erolcha (D:12)
  4 deep elf knights
  A catoblepas (Shoals:2)
  5 very ugly things
  5 skeletal warriors
  4 deep dwarf berserkers (D:15)
  9 orc knights
  A draconian (D:14)
  9 unseen horrors
  4 sea snakes
  4 ironbrand convokers
  A giant orange brain (Vaults:3)
  8 hill giants
  An iron troll zombie (Vaults:4)
  2 giant amoebae
  Pikel (D:4)
  A wizard (D:16)
  15 harpies
  An orc sorcerer (Orc:4)
  An iron troll skeleton (Vaults:2)
  2 red wasps
  2 spiny worms
  3 vault sentinels
  15 wolf spiders
  4 griffons
  A moth of wrath (Spider:5)
  5 cyclopes
  A hydra skeleton (Lair:2)
  A trapdoor spider zombie (D:12)
  6 elephants
  25 slime creatures
  A red wasp zombie (Vaults:1)
  13 yaktaurs
  2 stone giant simulacra
  8 spiny frogs
  3 ettin skeletons
  A queen ant (D:12)
  A hellwing (Orc:4)
  An orange demon (Orc:4)
  14 demonic crawlers
  Psyche (D:9)
  2 hill giant zombies
  46 ugly things
  3 mermaids
  A polar bear (Lair:8)
  A raven skeleton (Spider:1)
  Prince Ribbit (D:7)
  A queen bee (Spider:3)
  An efreet (D:16)
  4 komodo dragons
  A two-headed ogre (shapeshifter) (D:15)
  5 two-headed ogres
  A deep troll zombie (Vaults:4)
  5 snapping turtles
  3 brown oozes (Lair:6)
  7 trolls
  2 deep troll skeletons (Vaults:1)
  9 blink frogs
  2 basilisks
  A grizzly bear (D:15)
  A grizzly bear (shapeshifter) (Vaults:3)
  14 jumping spiders
  2 air elementals (D:16)
  4 wyverns
  A deep elf conjurer (D:16)
  20 redbacks
  10 orb spiders
  17 tarantellas
  A hippogriff (shapeshifter) (D:15)
  3 hungry ghosts
  A golden eye (shapeshifter) (D:15)
  7 humans
  26 yaks
  2 wraiths
  3 toenail golems (Volcano)
  21 trapdoor spiders
  3 fire drakes
  12 hippogriffs
  A clay golem (Vaults:2)
  11 vampire mosquitoes
  A yaktaur zombie (Vaults:1)
  13 merfolk
  2 steam dragons (D:13)
  14 soldier ants
  19 war dogs
  A manticore (shapeshifter) (D:9)
  A rock worm (Vaults:2)
  Edmund (D:4)
  A giant slug zombie (Vaults:2)
  2 boulder beetles
  A cyclops zombie (D:14)
  3 yaktaur skeletons
  A deep troll simulacrum (Vaults:3)
  2 mottled dragons
  2 necrophages
  2 freezing wraiths
  7 manticores
  32 orc warriors
  2 sky beasts
  A deep elf priest (Vaults:3)
  5 ice beasts
  A gargoyle (D:16)
  A manticore skeleton (D:12)
  3 yellow wasps
  11 giant goldfish
  A cyclops skeleton (D:12)
  A phantom (D:6)
  3 wyvern skeletons
  A troll zombie (D:12)
  A boulder beetle zombie (Vaults:1)
  21 centaurs
  7 wargs
  A troll skeleton (D:15)
  A wolf (shapeshifter) (Vaults:3)
  8 crocodiles
  22 ogres
  10 water moccasins
  A boring beetle (Vaults:3)
  A brain worm (D:15)
  A yaktaur simulacrum (Vaults:1)
  8 giant slugs
  2 war dog skeletons (Lair:4)
  5 big kobolds
  5 agate snails
  19 giant frogs
  2 giant frog skeletons
  3 centaur skeletons
  A two-headed ogre skeleton (D:5)
  An eye of draining (D:10)
  11 jellyfish
  An eye of draining (shapeshifter) (Vaults:3)
  41 killer bees
  7 electric eels
  A killer bee zombie (D:13)
  7 wights
  2 big kobold skeletons
  A big kobold zombie (D:5)
  18 crimson imps
  A mottled dragon zombie (D:12)
  7 goliath beetles
  5 shadows
  A spider zombie (Spider:1)
  10 hounds
  2 ogre skeletons
  Crazy Yiuf (D:4)
  A quasit (D:9)
  28 orc priests
  6 scorpions
  4 big fish (Spider:5)
  8 spiders
  7 iguanas
  24 orc wizards
  A hound skeleton (D:8)
  39 worker ants
  A steam dragon zombie (D:5)
  10 sheep
  A swamp drake skeleton (Spider:1)
  9 porcupines
  Ijyb (D:4)
  4 boggarts (D:15)
  5 jellies
  A mummy (D:8)
  22 adders
  15 gnolls
  41 green rats
  4 giant centipedes
  3 giant mites
  An adder skeleton (D:5)
  9 worms
  3 giant eyeballs
  12 giant geckos
  A green rat skeleton (Lair:2)
  174 orcs
  24 bats
  5 giant cockroaches
  18 goblins
  23 hobgoblins
  24 jackals
  20 kobolds
  16 quokkas
  2 ball pythons
  A giant gecko skeleton (Lair:4)
  3 giant newts (D:1)
  2 giant spores
  A hobgoblin zombie (D:6)
  A kobold skeleton (D:4)
  An orc skeleton (Orc:4)
  3 orc zombies
  A quokka zombie (D:7)
  21 rats
  9 ballistomycetes
  A fungus (Lair:6)
  5 plants
1514 creatures vanquished.

Vanquished Creatures (collateral kills)
  Polyphemus (Shoals:2)
  A stone giant (Vaults:3)
  3 dire elephants (Lair:8)
  A yaktaur captain (Vaults:1)
  An ironheart preserver (Vaults:3)
  A storm dragon skeleton (Vaults:3)
  2 hydras
  An ogre mage (D:15)
  A stone giant zombie (Vaults:4)
  A frost giant zombie (Vaults:4)
  A centaur warrior (Vaults:1)
  A stone giant skeleton (Vaults:1)
  2 orc knights
  A flayed ghost (Vaults:3)
  5 harpies
  2 hill giants
  5 sea snakes (Shoals:1)
  2 oklob plants (Shoals:2)
  A giant amoeba (Lair:6)
  A wolf spider (Spider:5)
  A necromancer (Vaults:4)
  A dragon zombie (D:14)
  2 cyclopes
  A tarantella zombie (Spider:1)
  A black mamba (Lair:3)
  6 slime creatures
  6 elephants
  2 yaktaurs
  2 spiny frogs
  An ettin skeleton (Vaults:4)
  5 ugly things
  A hill giant zombie (D:15)
  3 komodo dragons
  2 two-headed ogres (D:15)
  5 snapping turtles
  A raven (shapeshifter) (D:15)
  A basilisk (Lair:8)
  2 blink frogs (Lair:7)
  6 merfolk
  2 war dogs (Lair:1)
  7 yaks
  A merfolk skeleton (Shoals:2)
  3 sharks
  2 hippogriffs
  2 soldier ants (D:12)
  2 manticores
  A phantom (D:12)
  A manticore skeleton (Shoals:2)
  4 ogres
  4 orc warriors
  3 giant goldfish (Lair:8)
  3 crocodiles
  5 giant slugs
  A naga (D:14)
  4 giant frogs
  2 water moccasins
  2 agate snails
  A giant frog skeleton (D:12)
  A two-headed ogre zombie (D:15)
  4 killer bees
  An eye of draining (D:15)
  A vampire bat (Lair:8)
  A jellyfish (D:13)
  A big fish (Spider:1)
  2 worker ants (D:12)
  2 iguanas
  3 orc priests
  2 orc wizards (Orc:4)
  A porcupine (Lair:1)
  A deep elf soldier (Orc:3)
  A sheep (Lair:7)
  A boggart (D:15)
  A mummy (D:12)
  2 adders
  4 green rats
  2 giant mites
  21 orcs
  A hobgoblin (Orc:3)
  A quokka (Lair:2)
  4 bats
  3 jackals
  A kobold (D:15)
  3 orc zombies (Orc:4)
  A rat (Lair:2)
  A bush (Lair:6)
  2 fungi
  A plant (Lair:6)
203 creatures vanquished.

Vanquished Creatures (others)
  A ghost moth (Spider:5)
  A spriggan skeleton (Shoals:2)
  2 stone giant skeletons
  15 centaur skeletons
  7 harpy skeletons
  2 griffon skeletons
  An elf skeleton (Vaults:3)
  An efreet (Shoals:2)
  A redback simulacrum (Vaults:1)
  A blink frog (Lair:6)
  3 spiny frog skeletons
  A snapping turtle skeleton (Shoals:2)
  An elephant skeleton (Lair:8)
  8 merfolk skeletons
  2 komodo dragon skeletons (Lair:8)
  A mermaid skeleton (Shoals:2)
  2 deep dwarf skeletons
  7 yaktaur skeletons
  A cyclops skeleton (Vaults:1)
  A manticore skeleton (Shoals:3)
  4 giant goldfish skeletons (Lair:8)
  3 hippogriff skeletons
  A polar bear skeleton (Lair:8)
  7 yak skeletons
  2 troll skeletons
  3 war dog skeletons
  2 two-headed ogre skeletons (D:15)
  A basilisk skeleton (Lair:8)
  4 water moccasin skeletons
  5 giant frog skeletons
  4 crocodile skeletons
  A warg skeleton (Vaults:2)
  7 ogre skeletons
  2 hound skeletons (D:12)
  2 worker ants
  A naga skeleton (D:14)
  A steam dragon skeleton (D:13)
  2 iguana skeletons
  An adder skeleton (Lair:5)
  2 porcupine skeletons (Lair:7)
  A sheep skeleton (D:14)
  4 bat skeletons
  16 green rat skeletons
  A jackal (D:5)
  2 kobolds
  A giant gecko skeleton (Lair:1)
  A hobgoblin skeleton (Orc:4)
  13 human skeletons
  9 jackal skeletons
  A kobold skeleton (D:15)
  73 orc skeletons
  A quokka skeleton (Lair:2)
  2 rats
  A rat skeleton (Lair:5)
  A plant (Lair:8)
  4 tentacles (Shoals:3)
  17 tentacle segments (Shoals:3)
262 creatures vanquished.

Grand Total: 1979 creatures vanquished

Notes
Turn   | Place    | Note
--------------------------------------------------------------
     0 | D:1      | Indrah, the Demonspawn Earth Elementalist, began the quest for the Orb.
     0 | D:1      | Reached XP level 1. HP: 13/13 MP: 3/3
   546 | D:1      | Gained mutation: You have a pair of small horns on your head. [demonic ancestry]
   546 | D:1      | Reached XP level 2. HP: 19/19 MP: 1/4
  1247 | D:2      | Reached XP level 3. HP: 20/24 MP: 2/5
  1252 | D:2      | Learned a level 3 spell: Stone Arrow
  1373 | D:2      | Reached skill level 1 in Fighting
  1373 | D:2      | Reached skill level 3 in Earth Magic
  2008 | D:2      | Gained mutation: You are slightly more attuned to the shadows. [demonic ancestry]
  2008 | D:2      | Reached XP level 4. HP: 30/30 MP: 2/7
  2079 | D:2      | Learned a level 2 spell: Stoneskin
  2653 | D:2      | Reached skill level 1 in Throwing
  2812 | D:3      | Reached skill level 1 in Unarmed Combat
  2892 | D:3      | Gained mutation: You have a pair of horns on your head. [demonic ancestry]
  2892 | D:3      | Reached XP level 5. HP: 16/35 MP: 1/9
  3792 | D:3      | Reached skill level 1 in Conjurations
  4132 | D:4      | Paralysed by a giant eyeball for 3 turns
  4154 | D:3      | Reached skill level 1 in Staves
  4428 | D:4      | Paralysed by a giant eyeball for 2 turns
  4445 | D:4      | Gained mutation: You have a somewhat thin skeletal structure (Dex +2, Stlth). [demonic ancestry]
  4445 | D:4      | Reached XP level 6. HP: 42/42 MP: 9/11
  4691 | D:4      | Reached skill level 1 in Slings
  5145 | D:4      | Noticed an ice beast
  5160 | D:4      | Killed an ice beast
  5349 | D:4      | Reached XP level 7. HP: 47/47 MP: 1/14
  5453 | D:4      | Noticed Crazy Yiuf
  5466 | D:4      | Killed Crazy Yiuf
  5466 | D:4      | Reached skill level 1 in Transmutations
  5645 | D:4      | Noticed an ogre
  5653 | D:4      | Killed an ogre
  5800 | D:4      | Noticed Ijyb
  5810 | D:4      | Killed Ijyb
  6159 | D:4      | Reached skill level 4 in Earth Magic
  6305 | D:4      | Noticed Edmund
  6318 | D:4      | Killed Edmund
  6371 | D:4      | Reached skill level 1 in Evocations
  6612 | D:4      | Found a radiant altar of Vehumet.
  6612 | D:4      | Noticed an ogre
  6617 | D:4      | Killed an ogre
  6622 | D:4      | Became a worshipper of Vehumet
  6696 | D:4      | Noticed a slave
  6715 | D:4      | Noticed Pikel
  6719 | D:4      | Noticed a slave
  6724 | D:4      | Killed Pikel
  6724 | D:4      | Gained mutation: You have a moderately thin skeletal structure (Dex +4, Str -1, Stlth). [demonic ancestry]
  6724 | D:4      | Reached XP level 8. HP: 21/53 MP: 2/18
  6725 | D:4      | Noticed a freed slave
  6728 | D:4      | Noticed a freed slave
  6911 | D:4      | Learned a level 2 spell: Swiftness
  7114 | D:5      | Entered Level 5 of the Dungeon
  7135 | D:5      | Got a steaming ring mail
  7730 | D:5      | Found a staircase to the Ecumenical Temple.
  7745 | Temple   | Entered the Ecumenical Temple
  7992 | D:6      | Reached skill level 1 in Charms
  8209 | D:6      | Acquired Vehumet's first power
  8209 | D:6      | Offered knowledge of Flame Tongue by Vehumet.
  8308 | D:6      | Found a bloodstained altar of Trog.
  8347 | D:6      | Found a staircase to the Orcish Mines.
  8594 | D:6      | Identified the +8 ring mail "Miuburr" {Dex+4 Int+3} (You found it on level 5 of the Dungeon)
  8667 | D:6      | Gained mutation: You have a pair of large horns on your head. [demonic ancestry]
  8667 | D:6      | Gained mutation: You sometimes gain a little power by taking damage. [demonic ancestry]
  8667 | D:6      | Reached XP level 9. HP: 35/58 MP: 2/20
  8882 | D:6      | Got a warped ring mail
  8896 | D:6      | Identified the +4 ring mail "Dareac" {rC+ Int+4} (You found it on level 6 of the Dungeon)
  9137 | D:7      | Reached skill level 5 in Earth Magic
  9173 | D:7      | Found a shattered altar of Ashenzari.
  9509 | D:7      | Offered knowledge of Magic Dart by Vehumet.
  9755 | D:7      | Reached skill level 1 in Armour
  9974 | D:7      | Noticed Prince Ribbit
  9978 | D:7      | Killed Prince Ribbit
  9978 | D:7      | Reached skill level 5 in Spellcasting
 10731 | D:8      | Identified a +0 rod of striking (9/9) (You found it on level 8 of the Dungeon)
 10797 | D:8      | Offered knowledge of Dazzling Spray by Vehumet.
 10802 | D:8      | Learned a level 3 spell: Dazzling Spray
 11534 | D:9      | Noticed Psyche
 11540 | D:9      | Killed Psyche
 11540 | D:9      | Reached skill level 1 in Hexes
 11540 | D:9      | Gained mutation: You sometimes gain power by taking damage. [demonic ancestry]
 11540 | D:9      | Gained mutation: You are powered by pain. [demonic ancestry]
 11540 | D:9      | Reached XP level 10. HP: 55/64 MP: 11/22
 11546 | D:9      | Learned a level 2 spell: Freezing Aura
 12094 | D:9      | Noticed a draconian
 12099 | D:9      | a draconian changed into an elephant
 12106 | D:9      | Acquired Vehumet's second power
 12586 | D:9      | Reached skill level 5 in Conjurations
 12586 | D:9      | Reached skill level 1 in Ice Magic
 12805 | D:9      | Noticed Gastronok
 12831 | D:9      | Killed Gastronok
 12831 | D:9      | Reached skill level 5 in Staves
 12831 | D:9      | Reached skill level 5 in Stealth
 12831 | D:9      | Reached skill level 6 in Spellcasting
 13020 | D:9      | Offered knowledge of Sticky Flame by Vehumet.
 13147 | D:10     | Entered Level 10 of the Dungeon
 13214 | D:10     | Noticed a hill giant
 13220 | D:10     | Killed a hill giant
 13737 | D:10     | Acquired Vehumet's third power
 13737 | D:10     | Reached XP level 11. HP: 28/70 MP: 9/24
 14801 | D:11     | Noticed abc's ghost (powerful DEWz)
 14818 | D:11     | Killed abc's ghost
 14824 | D:11     | Noticed an eight-headed hydra
 15035 | D:11     | Found a staircase to the Lair.
 15080 | D:11     | Offered knowledge of Conjure Flame by Vehumet.
 16018 | D:12     | Killed an unseen horror
 16018 | D:12     | Reached skill level 7 in Spellcasting
 16249 | D:12     | Learned a level 3 spell: Conjure Flame
 16369 | D:12     | Reached skill level 5 in Charms
 16553 | D:12     | Noticed a hill giant
 16562 | D:12     | Killed a hill giant
 17133 | D:11     | Killed an eight-headed hydra
 17133 | D:11     | Reached skill level 5 in Evocations
 17343 | D:11     | Killed an unseen horror
 17343 | D:11     | Reached skill level 5 in Armour
 17343 | D:11     | Reached skill level 5 in Hexes
 17667 | Temple   | Learned a level 5 spell: Lee's Rapid Deconstruction
 17843 | Lair:1   | Entered Level 1 of the Lair of Beasts
 17947 | Lair:1   | Reached skill level 1 in Traps
 18177 | Lair:1   | Offered knowledge of Iron Shot by Vehumet.
 18203 | Lair:1   | Learned a level 1 spell: Animate Skeleton
 18309 | Lair:1   | Noticed a hill giant
 18318 | Lair:1   | Killed a hill giant
 18427 | Lair:1   | Reached XP level 12. HP: 68/76 MP: 17/27
 18736 | Lair:1   | Noticed a four-headed hydra
 18749 | Lair:1   | Killed a five-headed hydra
 19023 | Lair:2   | Reached skill level 1 in Necromancy
 19025 | Lair:2   | Noticed a seven-headed hydra
 19033 | Lair:2   | Killed a seven-headed hydra
 19712 | Lair:2   | Noticed a six-headed hydra
 19721 | Lair:2   | Killed a seven-headed hydra
 21331 | Lair:3   | Reached skill level 8 in Spellcasting
 21686 | Lair:3   | Found an ancient bone altar of Kikubaaqudgha.
 22416 | Lair:4   | Noticed an eight-headed hydra
 22423 | Lair:4   | Killed an eight-headed hydra
 23044 | Lair:5   | Reached skill level 1 in Stabbing
 23341 | Lair:5   | Got a fine ring mail
 23354 | Lair:5   | Identified the +4 ring mail "Gacsoikh" {rElec Int+3} (You found it on level 5 of the Lair of Beasts)
 23502 | Lair:2   | Learned a level 6 spell: Iron Shot
 23638 | Lair:5   | Found a hole to the Spider Nest.
 24020 | Lair:5   | Offered knowledge of Fulminant Prism by Vehumet.
 24612 | Lair:5   | Noticed a four-headed hydra
 24621 | Lair:5   | Killed a four-headed hydra
 25233 | Lair:6   | Reached XP level 13. HP: 84/84 MP: 29/29
 25364 | Lair:6   | Found a staircase to the Shoals.
 26256 | Lair:6   | Found a staircase to the Slime Pits.
 26637 | Lair:2   | Upgraded the game from 0.12.2-6-g2b2ad49 to 0.12.2-7-g64ef654
 26703 | Lair:7   | Gained mutation: You possess an exceptional clarity of mind. [helix card]
 26962 | Lair:7   | Noticed an eight-headed hydra
 26969 | Lair:7   | Reached skill level 9 in Spellcasting
 26976 | Lair:7   | Killed an eight-headed hydra
 27922 | Lair:8   | Entered Level 8 of the Lair of Beasts
 27962 | Lair:8   | Offered knowledge of Orb of Destruction by Vehumet.
 28340 | Lair:8   | Noticed a seven-headed hydra
 28355 | Lair:8   | Killed a seven-headed hydra
 29024 | Lair:8   | Noticed a dire elephant
 29024 | Lair:8   | Noticed a dire elephant
 29031 | Lair:8   | Killed a dire elephant
 29037 | Lair:8   | Noticed a dire elephant
 29038 | Lair:8   | Killed a dire elephant
 29053 | Lair:8   | Killed a dire elephant
 29082 | Lair:8   | Got a dazzling crossbow
 29420 | Lair:8   | Noticed a dire elephant
 29432 | Lair:8   | Killed a dire elephant
 29740 | Lair:8   | Noticed a dire elephant
 29749 | Lair:8   | Killed a dire elephant
 30135 | Lair:8   | Noticed a dire elephant
 30160 | Lair:8   | Killed a dire elephant
 30160 | Lair:8   | Reached XP level 14. HP: 33/90 MP: 17/31
 30453 | Lair:2   | Identified the crossbow of the Warrior {penet, Stlth+} (You found it on level 8 of the Lair of Beasts)
 30490 | Lair:2   | Learned a level 2 spell: Repel Missiles
 30687 | Orc:1    | Entered Level 1 of the Orcish Mines
 31543 | Orc:2    | Offered knowledge of Fireball by Vehumet.
 31667 | Orc:2    | Found a dark tunnel.
 31678 | Volcano  | Entered a volcano
 31814 | Volcano  | Reached skill level 10 in Conjurations
 32600 | Orc:3    | Found a staircase to the Elven Halls.
 33409 | Orc:4    | Entered Level 4 of the Orcish Mines
 33438 | Orc:4    | Reached skill level 10 in Spellcasting
 33623 | Orc:4    | Found Jyazisto's Antique Armour Emporium.
 33623 | Orc:4    | Found a roughly hewn altar of Beogh.
 33859 | Orc:4    | Bought a faintly humming ring mail for 198 gold pieces
 33859 | Orc:4    | Bought a slimy cloak for 132 gold pieces
 33859 | Orc:4    | Bought a dull robe for 125 gold pieces
 33872 | Orc:4    | Identified the cursed +0 ring mail of Abstinence {Dex+1 Int+4} (You bought it in a shop on level 4 of the Orcish Mines)
 33883 | Orc:4    | Identified the cursed -1 robe "Laopuapn" {Acc-6 Dam+4} (You bought it in a shop on level 4 of the Orcish Mines)
 34225 | Orc:4    | Noticed Saint Roka
 34522 | Orc:4    | Found a roughly hewn altar of Beogh.
 34659 | Orc:4    | Found a roughly hewn altar of Beogh.
 34799 | Orc:4    | Found a roughly hewn altar of Beogh.
 34832 | Orc:4    | Found Godur's Magical Wand Shop.
 35127 | Orc:4    | Found a roughly hewn altar of Beogh.
 35345 | Orc:4    | Found a roughly hewn altar of Beogh.
 35476 | Orc:4    | Killed Saint Roka
 35476 | Orc:4    | Reached skill level 10 in Earth Magic
 35975 | Orc:4    | Found a roughly hewn altar of Beogh.
 35977 | Orc:4    | Found Igiumo Diog's Antique Armour Boutique.
 35979 | Orc:4    | Found Jouses' Antique Weapon Shop.
 36142 | Orc:4    | Offered knowledge of Delayed Fireball by Vehumet.
 36684 | Lair:2   | Identified the cursed +1 cloak of Mableit {rF++ Str+4 Acc+4} (You bought it in a shop on level 4 of the Orcish Mines)
 36772 | D:12     | Noticed Erolcha
 36915 | D:11     | HP: 4/92 [poisoned by a queen ant]
 36916 | D:11     | HP: 1/92 [poisoned by a queen ant]
 38031 | D:12     | Killed Erolcha
 38150 | D:12     | Noticed a hill giant
 38155 | D:12     | Killed a hill giant
 38616 | D:12     | Reached skill level 5 in Dodging
 38717 | D:12     | Your ally Erolcha died
 38720 | D:12     | Killed an unseen horror
 38925 | D:12     | Noticed a hill giant
 38930 | D:12     | Killed a hill giant
 39032 | D:12     | Noticed an orc knight
 39035 | D:12     | Noticed an eight-headed hydra
 39043 | D:12     | Killed an eight-headed hydra
 39044 | D:12     | Killed an orc knight
 39236 | D:12     | Noticed a centaur warrior
 39250 | D:12     | Killed a centaur warrior
 39573 | D:12     | Reached skill level 10 in Staves
 40018 | D:13     | Gained mutation: You have an unnaturally thin skeletal structure (Dex +6, Str -2, Stlth). [demonic ancestry]
 40018 | D:13     | Reached XP level 15. HP: 82/98 MP: 23/32
 40360 | D:13     | Reached skill level 11 in Conjurations
 40362 | D:13     | Offered knowledge of Poison Arrow by Vehumet.
 40372 | D:13     | Found Ygeen's Antique Armour Shoppe.
 40380 | D:13     | Bought a pair of embroidered boots for 30 gold pieces
 40826 | Lair:2   | Learned a level 4 spell: Control Undead
 40834 | Lair:2   | Learned a level 4 spell: Throw Icicle
 41075 | D:14     | Entered Level 14 of the Dungeon
 42485 | D:14     | Reached skill level 5 in Fighting
 42558 | D:15     | Entered Level 15 of the Dungeon
 42751 | D:15     | Found a staircase to the Vaults.
 43569 | D:15     | Found a bloodstained altar of Trog.
 43592 | D:15     | Reached skill level 5 in Necromancy
 44202 | D:15     | Offered knowledge of Bolt of Draining by Vehumet.
 45088 | D:16     | Found a portal to a secret trove of treasure.
 45234 | D:16     | Noticed a frost giant
 45253 | D:16     | Killed a frost giant
 45402 | D:16     | Reached skill level 5 in Ice Magic
 45763 | D:16     | Noticed a fire giant
 45771 | D:16     | Noticed a lich
 46244 | Shoals:1 | Entered Level 1 of the Shoals
 47238 | Shoals:1 | Reached XP level 16. HP: 100/108 MP: 20/34
 48011 | Shoals:2 | Noticed Aizul
 48014 | Shoals:2 | Noticed Agnes
 48022 | Shoals:2 | Killed Agnes
 48036 | Shoals:2 | Killed Aizul
 48683 | Shoals:2 | Noticed Polyphemus
 48706 | Shoals:2 | Your ally Agnes died
 48707 | Shoals:2 | Killed Polyphemus
 49370 | Shoals:3 | Noticed Jorgrun
 49381 | Shoals:3 | Killed Jorgrun
 49729 | Shoals:3 | Your ally Jorgrun died
 50270 | Vaults:1 | Entered Level 1 of the Vaults
 50759 | Vaults:1 | Offered knowledge of Lehudib's Crystal Spear by Vehumet.
 50759 | Vaults:1 | Offered knowledge of Ice Storm by Vehumet.
 50759 | Vaults:1 | Offered knowledge of Shatter by Vehumet.
 51254 | Vaults:1 | Noticed Roxanne
 51261 | Vaults:1 | Killed Roxanne
 51261 | Vaults:1 | Reached skill level 12 in Spellcasting
 51267 | Vaults:1 | Got a levitating book
 51268 | Vaults:1 | Identified Roxanne's Grimoire of Dusty Changing (You took it off Roxanne on level 1 of the Vaults)
 52409 | Vaults:1 | Reached XP level 17. HP: 96/115 MP: 32/35
 52516 | Vaults:1 | Reached skill level 5 in Transmutations
 52691 | Vaults:1 | Noticed a vault warden
 52704 | Vaults:1 | Killed a vault warden
 53388 | Lair:2   | Learned a level 6 spell: Statue Form
 53646 | Orc:4    | Bought a wand of teleportation (4) for 408 gold pieces
 55702 | Vaults:2 | Found a glowing golden altar of the Shining One.
 56426 | Vaults:3 | Lost mutation: You possess an exceptional clarity of mind. [miscasting Statue Form]
 57201 | Vaults:3 | Found a staircase to the Crypt.
 57605 | Vaults:3 | Reached XP level 18. HP: 38/124 MP: 36/36
 58769 | Vaults:3 | Found a staircase to the Hall of Blades.
 58784 | Vaults:3 | Noticed a sphinx
 58787 | Vaults:3 | Killed a sphinx
 59072 | Vaults:3 | Reached skill level 13 in Spellcasting
 59659 | Vaults:4 | Noticed Frederick
 60142 | Spider:1 | Entered Level 1 of the Spider Nest
 60177 | Spider:1 | Noticed Josephine
 60194 | Spider:1 | Killed Josephine
 60595 | Spider:1 | Noticed Nikola
 60608 | Spider:1 | Killed Nikola
 63037 | Lair:2   | Upgraded the game from 0.12.2-7-g64ef654 to 0.12.2-8-g1913ee5
 63441 | Spider:4 | Gained mutation: You are robust (+10% HP). [demonic ancestry]
 63441 | Spider:4 | Reached XP level 19. HP: 125/144 MP: 36/38
 63579 | Spider:4 | Got a fine ring mail
 63592 | Spider:4 | Identified the cursed -2 ring mail of Reason {Str+3 Acc+3} (You found it on level 4 of the Spider Nest)
 64022 | Spider:4 | Identified a +2 pair of boots of running (You found it on level 4 of the Spider Nest)
 64243 | Spider:5 | Entered Level 5 of the Spider Nest
 64960 | Spider:5 | HP: 4/188 [emperor scorpion (10)]
 64961 | Spider:5 | Mangled by an emperor scorpion

Action                   |  1- 3 |  4- 6 |  7- 9 | 10-12 | 13-15 | 16-18 | 19-21 || total
-------------------------+-------+-------+-------+-------+-------+-------+-------++-------
Melee: Dagger            |   123 |     4 |       |       |       |       |       ||   127
       Lajatang          |       |   147 |   282 |   582 |  1080 |   878 |    78 ||  3047
 Fire: Sling             |       |    24 |    13 |       |       |       |       ||    37
       Blowgun           |       |       |       |       |     2 |       |       ||     2
Throw: Dart              |    73 |    74 |       |       |       |       |       ||   147
       Throwing net      |       |     1 |       |       |       |       |       ||     1
       Javelin           |       |       |    55 |    10 |    13 |     4 |       ||    82
       Stone             |       |       |     1 |       |       |       |       ||     1
 Cast: Sandblast         |    26 |    26 |    26 |     7 |       |       |       ||    85
       Stoneskin         |       |     9 |    24 |    50 |    63 |    43 |     6 ||   195
       Stone Arrow       |       |     9 |    74 |   237 |   216 |       |       ||   536
       Swiftness         |       |       |     2 |     2 |     9 |     4 |       ||    17
       Freezing Aura     |       |       |       |    43 |    40 |    23 |     2 ||   108
       Dazzling Spray    |       |       |       |    11 |    51 |    11 |       ||    73
       Animate Skeleton  |       |       |       |    57 |   209 |    82 |       ||   348
       Lee's Rapid Decon |       |       |       |    11 |    66 |    39 |     5 ||   121
       Iron Shot         |       |       |       |       |    70 |    90 |     7 ||   167
       Repel Missiles    |       |       |       |       |     8 |    25 |       ||    33
       Throw Icicle      |       |       |       |       |    90 |   196 |    20 ||   306
       Control Undead    |       |       |       |       |     6 |    12 |       ||    18
       Statue Form       |       |       |       |       |       |     9 |     3 ||    12
 Abil: Evoke Flight      |       |       |       |       |     3 |    16 |       ||    19
       Stop Flying       |       |       |       |       |       |     2 |       ||     2
Evoke: Wand              |       |     1 |     7 |     6 |    20 |    17 |     2 ||    53
       Deck              |       |       |       |     6 |     7 |     3 |       ||    16
       Miscellaneous     |       |       |       |       |       |     1 |       ||     1
  Use: Scroll            |     5 |     9 |    10 |    26 |    18 |    10 |     3 ||    81
       Potion            |       |     2 |       |     4 |    13 |     8 |       ||    27
 Stab: Sleeping          |     3 |     3 |    15 |    37 |    45 |    27 |     5 ||   135
       Invisible         |       |       |     1 |     2 |    10 |     4 |       ||    17
       Distracted        |       |       |       |    10 |    19 |    19 |       ||    48
       Confused          |       |       |       |     1 |       |     2 |       ||     3
